 Dungeon Crawl Stone Soup version 0.17-a0-1139-g49cbdf8 (webtiles) character file.

184 Kisielow the Poker (level 5, -3/38 HPs)
             Began as a Merfolk Skald on May 25, 2015.
             Was an Initiate of Yredelemnul.
             Slain by Grinder (6 damage)
             ... while paralysed by Grinder
             ... on level 3 of the Dungeon.
             The game lasted 00:11:37 (3968 turns).

Kisielow the Poker (Merfolk Skald)                  Turns: 3968, Time: 00:11:37

Health: -3/38      AC:  3    Str: 12    XL:     5   Next: 64%
Magic:  4/8        EV:  2    Int: 11    God:    Yredelemnul [......]
Gold:   160        SH:  0    Dex: 15    Spells: 2 memorised, 4 levels left

rFire  . . .     SeeInvis .     a - +0 spear
rCold  . . .     Clarity  .     b - +0 leather armour
rNeg   . . .     SustAt   .     (no shield)
rPois  .         Gourm    .     (no helmet)
rElec  .         Spirit   .     (no cloak)
rCorr  .         Warding  .     (no gloves)
rMut   .         Stasis   .     (no boots)
MR     .....                    (no amulet)
Stlth  +.........               (no ring)
                                (no ring)

@: paralysed, very slightly contaminated, not resistant to hostile enchantments,
very unstealthy
A: change form in water, swift swim
a: Renounce Religion


You were on level 3 of the Dungeon.
You worshipped Yredelemnul.
Yredelemnul was noncommittal.
You were very hungry.

You visited 1 branch of the dungeon, and saw 3 of its levels.

You collected 160 gold pieces.

Inventory:

Hand weapons
 a - a +0 spear (weapon)
Armour
 b - a +0 leather armour (worn)
Scrolls
 e - a scroll of identify
 k - a scroll of remove curse
Potions
 f - a potion of curing
 o - a potion of brilliance {unknown}
Books
 c - a book of Battle

   Spells                             Type                      Level
   a - Infusion                       Charms                       1
   b - Shroud of Golubria             Charms/Translocation         2
   c - Song of Slaying                Charms                       2
   d - Spectral Weapon                Hexes/Charms                 3
   e - Regeneration                   Charms/Necromancy            3
Comestibles
 d - 2 bread rations
 m - a meat ration
 n - a royal jelly


   Skills:
 - Level 2.1 Fighting
 * Level 6.0 Polearms
 - Level 0.6 Armour
 * Level 5.1 Dodging
 - Level 2.0 Spellcasting
 - Level 3.2 Charms


You had 4 spell levels left.
You knew the following spells:

 Your Spells              Type           Power        Failure   Level  Hunger
q - Infusion              Chrm           #.....       12%         1    ##.....
w - Regeneration          Chrm/Necr      #.........   63%         3    ####...


Dungeon Overview and Level Annotations

Branches:
Dungeon (3/15)

Altars:
Okawaru
Trog
Yredelemnul

Annotations:
D:3 Grinder


Message History

Grinder hits you.
Casting: Infusion
Confirm with . or Enter, or press ? or * to list all spells.
You miscast Regeneration.
You shiver with cold.
You are feeling very hungry.
Grinder gestures at you.
You suddenly lose the ability to move!
Grinder says, "DUCK!"
Grinder hits you.
You writhe in agony.
You writhe in agony.
Grinder hits you.
* * * LOW HITPOINT WARNING * * *
You writhe in agony.
* * * LOW HITPOINT WARNING * * *
Grinder gestures at you.
You shrug off the repeated paralysis!
Grinder hits you.
* * * LOW HITPOINT WARNING * * *
You writhe in agony.
You die...
Your body rises from the dead as a mindless zombie.

# #####.# ...#. #
.... ##.# ...
.[... #.#
#$...###.###
#...%5@.$..#
##...###.#.#######
##..............#
######.#.#####.
#.#.....#
#.#####.# #.#
###.### #.#
#<....# #[#
#.....#####


You could see Grinder.

Vanquished Creatures
  Natasha (thrice) (D:2)
  9 adders
  An ooze (D:1)
  2 giant geckos (D:2)
  2 gnoll zombies (D:2)
  9 goblins
  5 hobgoblins
  8 kobolds
  9 bats
  4 giant newts
  4 jackals (D:1)
  11 rats
67 creatures vanquished.

Vanquished Creatures (others)
  4 toadstools (D:1)
4 creatures vanquished.

Grand Total: 71 creatures vanquished

Notes
Turn   | Place    | Note
--------------------------------------------------------------
     0 | D:1      | Kisielow the Merfolk Skald began the quest for the Orb.
     0 | D:1      | Reached XP level 1. HP: 16/16 MP: 3/3
   118 | D:1      | Reached XP level 2. HP: 16/22 MP: 0/5
   442 | D:1      | Reached skill level 4 in Polearms
   591 | D:1      | Reached XP level 3. HP: 23/27 MP: 6/6
   677 | D:1      | Learned a level 3 spell: Regeneration
  1446 | D:2      | Noticed Natasha
  1456 | D:2      | Killed Natasha
  1456 | D:2      | Reached skill level 5 in Polearms
  1456 | D:2      | Reached XP level 4. HP: 17/33 MP: 1/7
  1655 | D:2      | Noticed Natasha
  1660 | D:2      | Killed Natasha
  2177 | D:2      | Reached XP level 5. HP: 29/38 MP: 8/8
  2510 | D:2      | Found a bloodstained altar of Trog.
  2518 | D:2      | Found an iron altar of Okawaru.
  2753 | D:2      | Found a basalt altar of Yredelemnul.
  2761 | D:2      | Became a worshipper of Yredelemnul the Dark
  3677 | D:2      | Reached skill level 5 in Dodging
  3686 | D:2      | Reached skill level 6 in Polearms
  3708 | D:2      | Noticed Natasha
  3718 | D:2      | Killed Natasha
  3954 | D:3      | Noticed Grinder
  3964 | D:3      | Paralysed by Grinder for 6 turns
  3968 | D:3      | Slain by Grinder

Vault maps used:
D:1:      ldierk_walled_garden_2
D:2:      amethyst_overflow_temple_binary, lemuel_zombie_altar_yredelemnul,
          first_bread, grunt_decor_fettered, uniq_natasha
D:3:      uniq_jessica, uniq_grinder, uniq_terence

Action                   |  1- 3 |  4- 6 || total
-------------------------+-------+-------++-------
Melee: Spear             |   138 |   171 ||   309
 Cast: Infusion          |     8 |     6 ||    14
       Regeneration      |     1 |       ||     1
  Use: Scroll            |       |     6 ||     6
       Potion            |       |     1 ||     1
 Stab: Sleeping          |     1 |     1 ||     2
  Eat: Fruit             |     2 |     2 ||     4
       Chunk             |       |     6 ||     6
